 Dungeon Crawl Stone Soup version 0.21.1-1-g345015f (webtiles) character file.

90 inc the Magician (level 4, -4/27 HPs)
             Began as an Octopode Ice Elementalist on June 17, 2018.
             Shot with a stone by a goblin (5 damage)
             ... on level 3 of the Dungeon.
             The game lasted 00:03:05 (1607 turns).

inc the Magician (Octopode Ice Elementalist)        Turns: 1607, Time: 00:03:07

Health: -4/27      AC:  6    Str:  7    XL:     4   Next: 56%
Magic:  1/9        EV: 13    Int: 18    God:
Gold:   95         SH:  0    Dex: 12    Spells: 6/10 levels left

rFire    . . .     SeeInvis .   k - +2 short sword (venom)
rCold    . . .     Gourm    .   (no shield)
rNeg     . . .     Faith    .   (helmet restricted)
rPois    .         Spirit   .   (no amulet)
rElec    .         Reflect  .   (no ring)
rCorr    .         Harm     .   (no ring)
MR       .....                  (no ring)
Stlth    +++.......             (no ring)
HPRegen  0.09/turn              (no ring)
MPRegen  0.11/turn              (no ring)
                                (no ring)
                                (no ring)

@: icy armour, slow
A: almost no armour, stealthy swim, amphibious, 8 rings, constrict 8, camouflage
1, gelatinous body 1
a: no special abilities


You were on level 3 of the Dungeon.
You were hungry.

You visited 1 branch of the dungeon, and saw 3 of its levels.

You collected 95 gold pieces.

Inventory:

Hand Weapons
 j - a +0 short sword
 k - a +2 short sword of venom (weapon)
 l - a +2 dagger of venom
 q - a +0 dagger of venom
Missiles
 n - 14 poisoned needles
Jewellery
 o - a +5 ring of protection {unknown}
Scrolls
 c - a scroll of teleportation {unknown}
 e - 6 scrolls of identify {unknown}
 f - 2 scrolls of noise {unknown}
 g - a scroll of fear {unknown}
 h - a scroll of enchant weapon {unknown}
 i - a scroll of remove curse {unknown}
 p - a scroll of enchant armour {unknown}
Potions
 d - a potion of mutation {unknown}
 m - a potion of agility {unknown}
Books
 a - a book of Frost

   Spells                             Type                      Level
   a - Freeze                         Ice                          1
   b - Throw Frost                    Conjuration/Ice              2
   c - Ozocubu's Armour               Charms/Ice                   3
   d - Throw Icicle                   Conjuration/Ice              4
   e - Summon Ice Beast               Ice/Summoning                4
Comestibles
 b - a ration
 r - 2 chunks of flesh


   Skills:
 - Level 2.0 Dodging
 - Level 2.6 Stealth
 - Level 3.6 Spellcasting
   Level 1.0 Conjurations
 + Level 2.1 Charms
 - Level 3.0 Ice Magic


You had 6 spell levels left.
You knew the following spells:

 Your Spells              Type           Power        Failure   Level  Hunger
a - Freeze                Ice            ##..         4%          1    None
b - Ozocubu's Armour      Chrm/Ice       ##......     16%         3    ###....


Dungeon Overview and Level Annotations

Branches:
Dungeon (3/15)

Altars:


Innate Abilities, Weirdness & Mutations

You cannot wear most types of armour.
You are very stealthy in the water. (Stealth+)
You are amphibious.
You can wear up to eight rings at the same time.
You can use your tentacles to constrict eight enemies at once.
Your skin changes colour to match your surroundings (Stealth+).
Your rubbery body absorbs attacks. (AC +1, EV +1)


Message History

The kobold is severely wounded.
The goblin shoots a stone.
The stone hits you.
* * * LOW HITPOINT WARNING * * *
The stone burns you.
* * * LOW HITPOINT WARNING * * *
The kobold hits you with an enchanted dagger.
* * * LOW HITPOINT WARNING * * *
The heat melts your icy armour.
Casting: Freeze
Confirm with . or Enter, or press ? or * to list all spells.
You don't have enough magic to cast that spell.
Casting: Freeze
Confirm with . or Enter, or press ? or * to list all spells.
You don't have enough magic to cast that spell.
You hit the kobold.
You kill the kobold!
The goblin shoots a stone.
The stone misses you.
Unknown command.
The goblin shoots a stone.
The stone hits you.
You die...

#### ##..(#####
##..?.(...
.#.......###
......†@...##..
......)))..?...
.##....g...#...
###......# .
##.......#
##........
#..?.....
#......#.
#....#.#


You could see a goblin.

Vanquished Creatures
  4 gnolls (D:2)
  A worm (D:2)
  3 leopard geckos
  2 ball pythons (D:2)
  A giant cockroach (D:2)
  6 hobgoblins
  10 bats
  2 frilled lizards
  3 goblins
  7 kobolds
  12 rats
51 creatures vanquished.

Notes
Turn   | Place    | Note
-------+----------+-------------------------------------------
     0 | D:1      | inc the Octopode Ice Elementalist began the quest for the Orb.
     0 | D:1      | Reached XP level 1. HP: 11/11 MP: 3/3
   197 | D:1      | Reached XP level 2. HP: 17/17 MP: 1/5
   631 | D:1      | Reached XP level 3. HP: 21/21 MP: 7/7
   996 | D:2      | Learned a level 3 spell: Ozocubu's Armour
  1073 | D:2      | Reached skill level 1 in Charms
  1073 | D:2      | Reached XP level 4. HP: 27/27 MP: 7/9
  1605 | D:3      | HP: 1/27 [kobold/enchanted dagger (2)]
  1607 | D:3      | Shot with a stone by a goblin

Skill      XL: |  1  2  3  4 |
---------------+-------------+-----
Spellcasting   | 3 |  3.6
Charms         | 1 2 |  2.1
Dodging        | |  2.0
Stealth        | |  2.6
Conjurations   | |  1.0
Ice Magic      | |  3.0

Action                   |  1- 3 |  4- 6 || total
-------------------------+-------+-------++-------
Melee: Unarmed           |     3 |       ||     3
       Constrict         |     9 |     6 ||    15
       Short sword       |    34 |    18 ||    52
       Tentacles         |     2 |     2 ||     4
 Cast: Freeze            |    16 |     6 ||    22
       Ozocubu's Armour  |     1 |     1 ||     2
 Stab: Sleeping          |    13 |     3 ||    16
  Eat: Chunk             |     1 |     1 ||     2
Armor: Skin              |     5 |     3 ||     8
Dodge: Dodged            |    23 |    26 ||    49
